 Dungeon Crawl Stone Soup version 0.29-a0-72-g1732ff48e7 (webtiles) character file.

Game seed: 10621975172543938243

480 HallandMoats the Skirmisher (level 7, -3/61 HPs)
             Began as a Ghoul Monk on Feb 4, 2022.
             Was a Priest of Dithmenos.
             Slain by an orc priest (6 damage)
             ... on level 3 of the Dungeon.
             The game lasted 00:04:18 (2936 turns).

HallandMoats the Skirmisher (Ghoul Monk)            Turns: 2936, Time: 00:04:19

Health: -3/61      AC:  2    Str: 17    XL:     7   Next: 11%
Magic:  7/7        EV: 12    Int:  5    God:    Dithmenos [***...]
Gold:   74         SH:  0    Dex: 11    Spells: 6/6 levels left

rFire   . . .      SeeInvis .     - Unarmed
rCold   + . .      Faith    .   (no shield)
rNeg    + + +      Spirit   .   a - +0 robe
rPois   ∞          Reflect  .   (no helmet)
rElec   .          Harm     .   (no cloak)
rCorr   .          Rampage  .   (no gloves)
Will    .....                   (no boots)
Stlth   +++.......              (no amulet)
HPRegen 0.00/turn               (no ring)
MPRegen 0.10/turn               (no ring)

@: inhibited regen, wreathed by umbra
A: claws 1, cold resistance 1, negative energy resistance 3, inhibited
regeneration, torment resistance 2
a: Renounce Religion, Shadow Step


You were on level 3 of the Dungeon.
You worshipped Dithmenos.
Dithmenos was most pleased with you.
You visited 1 branch of the dungeon, and saw 3 of its levels.

You collected 74 gold pieces.

Inventory:

Hand Weapons
 f - a +5 scythe of venom
Armour
 a - a +0 robe (worn)
Jewellery
 g - a ring of ice
Potions
 b - a potion of attraction {unknown}
 c - a potion of lignification {unknown}
 e - a potion of heal wounds {unknown}
 i - 2 potions of degeneration {unknown}


   Skills:
 * Level 5.3 Fighting
 + Level 2.0 Armour
 + Level 3.6 Dodging
 + Level 3.3 Stealth
 * Level 5.2 Unarmed Combat
 + Level 2.1 Invocations


You had 6 spell levels left.
You didn't know any spells.
Your spell library contained the following spells:

 Spells                   Type           Power      Damage    Failure   Level
 Animate Skeleton         Necr           0%         N/A       47%         1
 Sandblast                Erth           0%         2d4       47%         1
 Passwall                 Tmut/Erth      0%         N/A       63%         2
 Ozocubu's Armour         Ice            0%         N/A       85%         3
 Stone Arrow              Conj/Erth      0%         3d7       85%         3
 Iskenderun's Mystic Bla  Conj/Tloc      0%         2d3       99%         4
 Simulacrum               Ice/Necr       0%         N/A       100%        6
 Ozocubu's Refrigeration  Ice            0%         4d5       100%        7


Dungeon Overview and Level Annotations

Branches:
Dungeon (3/15)

Altars:
Dithmenos
Hepliaklqana
Kikubaaqudgha
Vehumet

Annotations:
D:3 Robin


Innate Abilities, Weirdness & Mutations

You thrive by killing the living.
You are immune to poison.
You have sharp fingernails.
Your flesh is cold resistant. (rC+)
You are immune to negative energy. (rN+++)
You do not regenerate when monsters are visible.
You are immune to unholy pain and torment.


Message History

* * * LOW HITPOINT WARNING * * *
The orc closely misses you.
There is an open door here.
You close the door.
Something unseen opens the door.
The orc hits you from afar with a +0 trident.
* * * LOW HITPOINT WARNING * * *
The orc priest miscasts a cantrip.
There is an open door here.
There is an open door here.
A hobgoblin comes into view.
There is an open door here.
A hobgoblin comes into view.
The hobgoblin shouts!
You hear a shout!
A hobgoblin comes into view.
A goblin comes into view. It is wielding a +0 club.
A goblin comes into view. It is wielding a +0 dagger.
The goblin shouts!
The hobgoblin shouts!
You hear a shout! x5
There is an open door here.
The goblin shouts!
Robin of the Strong Arm comes into view.
They are wielding a +0 club.
The goblin shouts!
Robin roars a battlecry!
The goblins go into a battle-frenzy!
The hobgoblin barely misses you.
The goblin unwields a +0 club.
The goblin wields a +0 hunting sling.
The goblin shoots a stone.
The stone barely misses you. The hobgoblin hits you.
* * * LOW HITPOINT WARNING * * *
As you read the scroll labelled MAETZIM LOMPAI, it crumbles to dust.
You hear a loud clanging noise!
It was a scroll of noise.
The hobgoblin misses you.
Robin drinks a potion.
Robin seems to grow stronger.
Robin barely misses you. The orc priest hits you with a +0 whip.
* * * LOW HITPOINT WARNING * * *
The orc barely misses you.
The hobgoblin no longer looks unusually strong.
Robin throws the goblin at you!
* * * LOW HITPOINT WARNING * * *
The orc priest hits you with a +0 whip.
You die...

########.# ##### ######
#.######## ### #.... .....#
#.#......######.# ####.### .....#
#.#......g.gggg.# #....... .....#
#.#......######.###.##.### .....#
#.#.....g'........#.##.# .....#
#.#....gg##g.##.#.#.##.# ....)#
#.#.......og..#.#.#.##.# .....#
#.#.....o@........#.##.#
.....###.###'#'#g....#...#.##.###
.....'........)............>#.)..
....)#.#.#............(..#.######
######o#.#...................#<..
#.#o#........#<##.#.#.#.#.##
###'#o######..........#.#.#.#
#......# #.....###..#.#.#.#
#......# #..........#.#.#.#


You could see Robin (strong), an orc priest, an orc, 4 hobgoblins and a goblin
(strong).

Vanquished Creatures
  Grinder (D:3)
  Sigmund (D:3)
  An orc priest (D:3)
  Jessica (D:3)
  An orc wizard (D:3)
  An adder (D:2)
  A dart slug (D:1)
  3 orcs (D:3)
  3 ball pythons
  2 endoplasms (D:1)
  3 goblins
  8 hobgoblins
  2 jackals (D:1)
  5 quokkas
  3 bats
  3 frilled lizards (D:2)
  3 kobolds (D:2)
  3 rats
45 creatures vanquished.

Notes
Turn   | Place    | Note
-------+----------+-------------------------------------------
     0 | D:1      | HallandMoats the Ghoul Monk began the quest for the Orb.
     0 | D:1      | Reached XP level 1. HP: 19/19 MP: 0/0
   369 | D:1      | Reached XP level 2. HP: 25/26 MP: 1/1
   555 | D:1      | Got the Compendium of Translocation and Stolen Souls
   788 | D:1      | Found a faded altar of an unknown god.
   801 | D:1      | Prayed at the altar of an unknown god.
   801 | D:1      | Became a worshipper of Dithmenos the Shadowed
   801 | D:1      | Reached * piety under Dithmenos
   801 | D:1      | Reached ** piety under Dithmenos
  1155 | D:2      | Reached XP level 3. HP: 33/33 MP: 2/2
  1432 | D:2      | Found an ancient bone altar of Kikubaaqudgha.
  1997 | D:3      | Noticed Grinder
  2011 | D:3      | Paralysed by Grinder for 5 turns
  2173 | D:3      | Paralysed by Grinder for 3 turns
  2197 | D:3      | Paralysed by Grinder for 6 turns
  2209 | D:3      | Killed Grinder
  2209 | D:3      | Reached *** piety under Dithmenos
  2210 | D:3      | Reached skill level 1 in Armour
  2210 | D:3      | Reached skill level 1 in Invocations
  2210 | D:3      | Reached XP level 4. HP: 24/41 MP: 2/4
  2210 | D:3      | Reached XP level 5. HP: 27/47 MP: 2/5
  2210 | D:3      | Reached XP level 6. HP: 31/53 MP: 2/6
  2395 | D:3      | Noticed Jessica
  2405 | D:3      | Killed Jessica
  2478 | D:3      | Noticed Sigmund
  2490 | D:3      | Killed Sigmund
  2491 | D:3      | Reached skill level 5 in Fighting
  2491 | D:3      | Reached skill level 5 in Unarmed Combat
  2515 | D:3      | Found a hazy altar of Hepliaklqana.
  2525 | D:3      | Found a radiant altar of Vehumet.
  2615 | D:3      | Reached XP level 7. HP: 20/61 MP: 7/7
  2919 | D:3      | Noticed Robin
  2936 | D:3      | HP: 3/61 [Robin/goblin (1)]
  2936 | D:3      | Slain by an orc priest

Illustrated notes

Levels and vault maps discovered:
D:1:      minmay_arrival_diagonal_passages, layout_loops_corners,
          shapermc_ecumenical_altar_notcrosses
D:2:      layout_loops_ring, basic_altar, kennysheep_nub
D:3:      layout_basic, mainiacjoe_overflow_swirl, uniq_jessica, uniq_robin,
          uniq_grinder, uniq_sigmund

Skill      XL: |  1  2  3  4  5  6  7 |
---------------+----------------------+-----
Dodging        | 3 |  3.6
Fighting       | 4 5 |  5.3
Armour         | 1 2 |  2.0
Unarmed Combat | 4 5 |  5.2
Invocations    | 1 2 |  2.1
Stealth        | 3 |  3.3

Action                   |  1- 3 |  4- 6 |  7- 9 || total
-------------------------+-------+-------+-------++-------
Melee: Unarmed           |   101 |    38 |    22 ||   161
       Punch             |     3 |     1 |     1 ||     5
  Use: Scroll            |     4 |       |     1 ||     5
 Stab: Sleeping          |     5 |       |       ||     5
Armor: Robe              |     9 |     7 |     5 ||    21
Dodge: Dodged            |    49 |    13 |    18 ||    80

Table legend: (Time is in decaauts)
 A = Elapsed time spent in this place.
 B = Non-inter-level travel time spent in this place.
 C = Inter-level travel time spent in this place.
 D = Time resting spent in this place.
 E = Time spent auto-exploring this place.
 F = Levels seen in this place.
 G = Mean time per level.
                   A        B        C        D        E       F      G
               +--------+--------+--------+--------+--------+-----+--------+
         Total |   2921 |   2878 |     43 |    305 |   2045 |   3 |  973.7 |
       Dungeon |   2921 |   2878 |     43 |    305 |   2045 |   3 |  973.7 |
               +--------+--------+--------+--------+--------+-----+--------+

Top non-repeatable levels by time:
     D:1: 1053 daAuts
     D:2: 942 daAuts
     D:3: 925 daAuts
